Map: Lightshade LE

Players

LiquidClem (Clem)

  • Race: Terran Terran
  • Spawn Location: 11:00

Bunny - Winner!

  • Race: Terran Terran
  • Spawn Location: 5:00

VOD

Have the link to the VOD?

Description

Time

  • Played on: Jan. 16, 2021, 1:28 p.m.
  • Length: 18:36
Show
View Real Time Build Order
Export as new Build Order

LiquidClem Terran 

Build Orders:  

Get SALT Encoding   

  12  0:00  SCV  
  13  0:12  SCV  
  14  0:17  Supply Depot  
  14  0:24  SCV  
  15  0:38  SCV  
  15  0:39  Barracks  
  16  0:44  Refinery  
  16  0:50  SCV  
  16  0:52  Refinery  
  17  1:03  SCV  
  18  1:15  SCV  
  19  1:26  Reaper  
  19  1:28  Supply Depot  
  19  1:29  Orbital Command  
  20  1:43  Factory  
  20  1:54  SCV  
  20  1:58  Reaper  
  22  2:06  SCV  
  23  2:18  SCV  
  23  2:21  Command Center  
  24  2:28  Hellion  
  26  2:31  SCV  
  26  2:32  Reaper  
  26  2:36  Supply Depot  
  28  2:43  SCV  
  29  2:49  Hellion  
  29  2:50  Starport  
  31  2:58  SCV  
  32  3:05  Barracks Reactor  
  32  3:10  Factory Tech Lab, SCV  
  33  3:19  Refinery  
  33  3:22  SCV  
  34  3:29  Cyclone, Starport Tech Lab  
  37  3:34  SCV  
  37  3:38  Orbital Command  
  38  3:42  Marine x2  
  38  3:46  SCV  
  40  3:50  Raven  
  40  3:54  Supply Depot  
  42  3:58  SCV  
  42  3:59  Marine  
  42  4:00  Marine  
  45  4:04  Cyclone  
  45  4:05  SCV  
  49  4:11  SCV  
  49  4:16  Supply Depot  
  50  4:17  SCV  
  50  4:23  SCV  
  51  4:24  Marine x2  
  52  4:35  Raven  
  52  4:37  SCV x2  
  53  4:42  Marine x2  
  53  4:43  Siege Tank  
  58  4:49  SCV x2  
  60  4:53  Supply Depot  
  60  5:01  SCV x2  
  60  5:06  Command Center  
  62  5:13  SCV x2  
  64  5:17  Supply Depot  
  64  5:19  Siege Tank  
  66  5:22  Raven  
  66  5:25  SCV  
  66  5:26  SCV  
  70  5:32  Refinery, Marine x2  
  72  5:37  SCV  
  72  5:39  Supply Depot  
  72  5:41  SCV  
  74  5:46  Supply Depot  
  74  5:49  SCV  
  75  5:50  Marine x2  
  75  5:52  Siege Tank  
  75  5:53  SCV  
  81  6:01  SCV  
  82  6:05  SCV  
  82  6:08  Barracks  
  82  6:10  Barracks  
  83  6:13  SCV  
  83  6:17  Viking x2  
  83  6:18  SCV  
  89  6:22  Supply Depot  
  89  6:24  Marine  
  90  6:26  SCV  
  90  6:28  Siege Tank  
  90  6:30  SCV  
  93  6:38  SCV  
  93  6:39  Orbital Command  
  91  6:42  SCV, Marine  
  91  6:44  Stimpack  
  93  6:50  Supply Depot, SCV  
  93  6:52  Viking  
  97  6:54  SCV  
  97  6:56  Viking  
  97  6:58  Barracks Reactor x2  
  99  7:02  SCV  
  99  7:03  Siege Tank  
  99  7:06  SCV  
  105  7:13  Bunker, Marine  
  104  7:22  Viking  
  104  7:25  Orbital Command  
  104  7:26  Viking  
  92  7:31  Marine  
  92  7:35  Siege Tank  
  92  7:36  Marine  
  75  7:42  Marine  
  75  7:43  Marine  
  50  7:55  SCV  
  44  8:00  Marine  
  44  8:05  Marine  
  44  8:13  SCV  
  42  8:21  SCV  
  42  8:22  Marine  
  45  8:27  SCV  
  45  8:34  SCV, Marine  
  46  8:38  Marine  
  45  8:44  Marine  
  45  8:46  SCV  
  45  8:47  Marine  
  48  8:52  SCV  
  46  8:58  SCV  
  47  9:05  SCV  
  47  9:06  Marine x2  
  50  9:12  Marine  
  50  9:15  Marine  
  52  9:24  Marine  
  52  9:30  Siege Tank  
  56  9:35  Marine  
  56  9:37  Marine  
  56  9:42  Marine  
  56  9:45  Marine  
  57  9:53  Marine  
  58  10:02  Siege Tank  
  58  10:04  Marine  
  58  10:06  Marine  
  63  10:10  SCV  
  65  10:14  Marine  
  65  10:16  Marine  
  66  10:22  SCV  
  66  10:23  Orbital Command, Marine  
  66  10:24  Marine  
  69  10:30  Supply Depot  
  69  10:34  SCV  
  69  10:37  Marine  
  70  10:48  Marine  
  70  10:49  SCV  
  63  10:52  Marine x2  
  61  10:57  SCV  
  61  11:01  SCV  
  55  11:12  Marine  
  55  11:14  Marine x3  
  36  11:27  SCV x2  
  36  11:30  Marine  
  39  11:33  Marine  
  39  11:35  Marine  
  39  11:46  SCV x2  
  42  11:48  Marine  
  42  11:58  Factory Tech Lab, SCV x2  
  42  11:59  Refinery  
  42  12:00  Combat Shield  
  44  12:03  Marine  
  44  12:06  Marine  
  46  12:12  SCV x2  
  46  12:13  Marine  
  49  12:21  Marine  
  50  12:24  SCV  
  50  12:26  Siege Tank  
  50  12:28  SCV  
  55  12:30  Marine  
  55  12:31  Marine  
  57  12:40  Starport  
  57  12:41  Marine  
  58  12:45  SCV x2  
  58  12:48  Marine  
  58  12:49  Marine  
  62  12:53  Supply Depot  
  62  12:54  Refinery  
  62  12:57  SCV  
  63  12:59  Marine  
  63  13:01  Siege Tank  
  63  13:04  SCV  
  67  13:09  Marine  
  67  13:10  SCV  
  69  13:13  Marine  
  69  13:17  Medivac  
  72  13:21  Medivac  
  72  13:23  Marine  
  74  13:27  Marine  
  74  13:29  Engineering Bay  
  74  13:33  Marine  
  76  13:39  Siege Tank  
  76  13:41  Marine  
  79  13:45  Marine  
  81  13:49  Supply Depot  
  81  13:51  Marine  
  81  13:54  Medivac  
  84  13:59  Marine  
  85  14:03  Marine  
  85  14:05  Terran Infantry Weapons Level 1  
  85  14:09  Marine  
  86  14:19  Command Center  
  85  14:25  Siege Tank  
  85  14:31  Supply Depot, Marine  
  88  14:34  Marine  
  88  14:36  Marine  
  90  14:49  Marine  
  90  14:51  Barracks  
  91  14:57  Marine  
  91  14:58  Starport Reactor, Siege Tank, Marine  
  96  15:04  Supply Depot  
  96  15:07  Marine  
  96  15:09  SCV  
  98  15:14  Marine  
  98  15:15  Marine  
  98  15:21  Supply Depot  
  100  15:25  Marine  
  98  15:31  Siege Tank  
  98  15:32  Marine  
  102  15:36  Orbital Command  
  102  15:38  Marine x2  
  102  15:40  Marine  
  105  15:50  SCV x2, Marine x2  
  109  15:59  Terran Infantry Armor Level 1  
  109  16:00  Marine x2  
  109  16:03  Siege Tank  
  108  16:06  Medivac  
  108  16:09  Marine  
  108  16:16  Marine  
  101  16:19  Marine x2  
  101  16:20  Marine  
  102  16:26  Marine  
  103  16:33  Marine  
  103  16:37  Marine  
  103  16:38  Liberator  
  108  16:42  Marine  
  106  16:55  Factory Tech Lab  
  105  17:03  Marine x2  
  106  17:14  Barracks x2  
  105  17:21  Marine  
  107  17:25  Marine  
  106  17:38  Marine  
  106  17:43  Marine  
  105  17:56  Siege Tank, Marine  
  105  17:57  Marine  
  110  18:01  Marine  
  110  18:04  Marine  
  101  18:14  Marine  
  101  18:15  Marine  
Show
View Real Time Build Order
Export as new Build Order

Bunny Terran - Winner!

Build Orders:  

Get SALT Encoding   

  12  0:00  SCV  
  13  0:12  SCV  
  14  0:17  Supply Depot  
  14  0:25  SCV  
  15  0:39  SCV  
  15  0:40  Barracks  
  16  0:43  Refinery  
  16  0:51  SCV  
  16  0:52  Refinery  
  17  1:03  SCV  
  18  1:15  SCV  
  19  1:27  Orbital Command, Reaper  
  19  1:28  Supply Depot  
  20  1:42  Factory  
  20  1:53  SCV  
  21  1:59  Reaper  
  22  2:05  SCV  
  23  2:15  Command Center  
  23  2:17  SCV  
  24  2:25  Hellion  
  24  2:29  SCV  
  27  2:34  Supply Depot  
  27  2:36  Barracks Reactor  
  27  2:41  SCV  
  28  2:44  Starport  
  28  2:48  Factory Tech Lab  
  28  2:54  SCV  
  29  3:06  Cyclone, SCV  
  29  3:12  Marine x2  
  35  3:18  SCV  
  36  3:23  Starport Tech Lab  
  36  3:27  Orbital Command  
  36  3:30  SCV, Marine x2  
  36  3:32  Refinery  
  38  3:42  SCV  
  38  3:48  Refinery  
  39  3:49  Raven  
  39  3:52  SCV  
  39  3:54  SCV  
  39  3:55  Marine x2  
  43  4:02  Supply Depot  
  45  4:05  SCV  
  45  4:07  SCV  
  45  4:08  Siege Tank  
  50  4:16  Marine x2  
  50  4:17  SCV  
  53  4:19  SCV  
  54  4:29  SCV  
  54  4:31  SCV  
  54  4:33  Marine x2  
  54  4:38  Raven  
  51  4:42  Command Center, SCV  
  51  4:43  SCV  
  55  4:46  Refinery  
  55  4:50  Siege Tank  
  58  4:53  Supply Depot  
  58  4:55  Marine x2  
  58  4:57  SCV  
  58  4:59  SCV  
  62  5:10  Supply Depot, SCV  
  62  5:11  SCV  
  62  5:15  Supply Depot  
  62  5:16  Supply Depot  
  62  5:22  Siege Tank, SCV  
  62  5:23  SCV  
  67  5:30  Viking  
  67  5:32  Viking  
  67  5:34  Stimpack  
  67  5:35  SCV  
  72  5:37  SCV  
  72  5:41  Marine  
  74  5:48  Supply Depot  
  74  5:49  SCV x2  
  76  5:54  Orbital Command  
  76  5:55  Siege Tank  
  79  5:59  Marine  
  79  6:02  Viking x2  
  84  6:12  SCV x2  
  84  6:16  Marine  
  87  6:20  Barracks  
  87  6:21  Barracks  
  87  6:23  Orbital Command  
  87  6:26  SCV x2  
  87  6:27  Siege Tank  
  92  6:35  Viking x2  
  92  6:38  Marine  
  92  6:39  SCV x2  
  97  6:45  Engineering Bay  
  97  6:46  Engineering Bay  
  97  6:51  SCV  
  97  6:52  SCV x2  
  100  6:55  Supply Depot  
  100  6:57  Marine  
  100  6:59  Siege Tank  
  104  7:06  Supply Depot, Viking x2  
  108  7:09  Marine  
  108  7:13  Marine  
  108  7:14  Marine  
  110  7:26  Marine  
  84  7:31  Siege Tank, Marine  
  84  7:32  Marine  
  72  7:44  Marine  
  72  7:49  Marine  
  72  7:50  Marine  
  61  8:01  Orbital Command  
  55  8:21  Orbital Command  
  53  8:30  Marine x2  
  49  8:47  Starport  
  49  8:49  SCV x2  
  51  9:01  Barracks Reactor, Barracks Tech Lab  
  51  9:03  Terran Infantry Weapons Level 1  
  51  9:04  Terran Infantry Armor Level 1  
  51  9:05  Barracks  
  51  9:08  SCV x2  
  52  9:17  Orbital Command  
  52  9:23  Orbital Command, Marine  
  53  9:24  Orbital Command  
  53  9:37  Marine  
  53  9:38  Marine  
  49  9:41  Marine  
  49  9:45  Factory Tech Lab  
  48  9:54  Marine  
  48  9:55  SCV, Marine x2  
  53  10:04  Orbital Command  
  48  10:07  SCV  
  48  10:12  Marine  
  48  10:13  Medivac, Marine  
  53  10:19  SCV  
  53  10:29  Marine  
  53  10:30  Marine  
  53  10:31  SCV, Marine  
  57  10:43  SCV  
  57  10:47  Marine  
  51  10:51  Marine x2  
  51  10:52  Siege Tank  
  56  10:57  Medivac  
  56  11:00  Orbital Command  
  50  11:05  Marine  
  50  11:08  Marine x2  
  38  11:23  Marine  
  38  11:26  Marine  
  38  11:27  SCV  
  38  11:31  Orbital Command  
  40  11:41  Liberator  
  43  11:47  Barracks Tech Lab  
  43  11:49  Marine x2  
  43  11:52  SCV  
  43  11:53  SCV  
  47  11:57  SCV  
  48  12:04  SCV  
  52  12:08  Marine  
  52  12:09  Marine  
  52  12:11  SCV x2  
  52  12:14  Combat Shield  
  53  12:15  Marine  
  53  12:16  SCV  
  53  12:22  Siege Tank  
  58  12:23  SCV  
  58  12:26  Refinery, Marine x2  
  58  12:27  SCV  
  58  12:28  SCV  
  63  12:33  Marine  
  63  12:35  SCV  
  65  12:37  Barracks  
  65  12:40  Supply Depot  
  65  12:41  Medivac  
  65  12:43  SCV x2  
  69  12:44  Marine x2  
  69  12:47  SCV  
  72  12:51  Marine  
  73  12:58  Barracks  
  73  13:01  Barracks, Siege Tank  
  73  13:02  Marine x2  
  73  13:03  SCV x2  
  73  13:04  SCV  
  81  13:08  Supply Depot  
  81  13:09  Marine  
  81  13:11  Refinery  
  82  13:15  SCV x2  
  82  13:16  SCV  
  85  13:20  Supply Depot  
  85  13:23  Supply Depot  
  85  13:25  Barracks Reactor  
  85  13:29  Marine x3  
  85  13:31  Supply Depot  
  85  13:33  SCV x3  
  91  13:42  Siege Tank  
  91  13:47  Supply Depot, Marine x2  
  91  13:48  Marine  
  99  13:54  Barracks Reactor x2  
  99  13:55  Medivac  
  99  14:02  Armory  
  99  14:05  Marine x3  
  99  14:07  Supply Depot, SCV  
  99  14:08  SCV x2  
  104  14:13  Marine x2  
  104  14:14  Siege Tank  
  109  14:20  Supply Depot  
  109  14:21  Supply Depot  
  109  14:22  SCV  
  109  14:23  Marine x3  
  113  14:25  SCV x2  
  113  14:30  Starport Reactor  
  115  14:39  Marine  
  115  14:40  Marine x5  
  115  14:41  Marine  
  115  14:43  Supply Depot  
  122  14:46  Siege Tank  
  122  14:50  Terran Infantry Weapons Level 2  
  125  14:54  Marine  
  125  14:55  Supply Depot  
  125  14:56  SCV  
  125  14:58  Terran Infantry Armor Level 2  
  127  15:00  Marine  
  128  15:08  SCV  
  128  15:09  Medivac  
  128  15:10  Marine x5  
  136  15:20  Terran Vehicle Weapons Level 1  
  136  15:21  SCV  
  136  15:23  Medivac  
  136  15:28  Marine x9  
  144  15:38  Siege Tank  
  144  15:41  Supply Depot  
  138  15:46  Marine x9  
  138  15:47  Medivac  
  149  15:54  Medivac  
  151  16:03  Marine  
  144  16:18  Marine  
  144  16:19  Marine x7  
  144  16:21  Command Center, Marine  
  144  16:24  Supply Depot  
  150  16:25  Supply Depot  
  150  16:27  Siege Tank  
  150  16:30  Medivac x2  
  157  16:36  Marine  
  157  16:38  Marine x6  
  164  16:42  Marine  
  164  16:43  Marine  
  166  16:54  Marine  
  166  16:59  Siege Tank  
  166  17:01  Marine x7  
  170  17:05  Supply Depot  
  178  17:10  SCV x3  
  178  17:12  Marine  
  178  17:13  Medivac  
  146  17:15  Medivac  
  185  17:27  Marine x3  
  188  17:36  Planetary Fortress  
  188  17:40  Sensor Tower, Marine x6  
  194  17:45  Siege Tank, Marine x3  
  198  17:58  Marine x2  
  189  18:13  Refinery x3  
  189  18:14  Refinery  
  189  18:17  Marine x8  
  194  18:27  Command Center  
Tags
 
Add a new tag
Caveats
  • Supply blocks, unpowered buildings, or Contaminate may cause inaccurate times.
  • Supply counts are checked every 10 seconds.